 Dungeon Crawl Stone Soup version 0.28.0-47-ge53b351184 (webtiles) character file.

Game seed: 12935274075800481634

30 winsomniak the Ruffian (level 3, 0/46 HPs)
             Began as a Naga Transmuter on May 1, 2022.
             Was a Plaything of Xom.
             Succumbed to an adder's poison
             ... on level 2 of the Dungeon.
             The game lasted 00:11:28 (2024 turns).

winsomniak the Ruffian (Naga Transmuter)            Turns: 2024, Time: 00:11:28

Health: 0/46       AC:  2    Str: 14    XL:     3   Next: 20%
Magic:  6/6        EV:  9    Int: 13    God:    Xom [..*...]
Gold:   8          SH:  0    Dex: 11    Spells: 5/6 levels left

rFire   . . .      SeeInvis +     - Unarmed
rCold   . . .      Faith    .   (no shield)
rNeg    . . .      Spirit   .   j - +0 leather armour
rPois   +          Reflect  .   (no helmet)
rElec   .          Harm     .   (no cloak)
rCorr   .          Rampage  .   (no gloves)
Will    .....                   (no barding)
Stlth   ..........              (no amulet)
HPRegen 0.15/turn               (no ring)
MPRegen 0.10/turn               (no ring)

@: berserking, lethally poisoned (0 -> -1), attractive, quick
A: AC +1, large, see invisible, deformed body, poison resistance, slowness 2,
spit poison 1, naga tail 1
a: Spit Poison, Renounce Religion


You were on level 2 of the Dungeon.
You worshipped Xom.
You were a toy of Xom.
You visited 1 branch of the dungeon, and saw 2 of its levels.

You collected 8 gold pieces.

Inventory:

Missiles
 d - 24 arrows
Armour
 j - a +0 leather armour (worn)
Scrolls
 g - a scroll of vulnerability {unknown}
Potions
 f - a potion of haste {unknown}
 h - a potion of curing {unknown}
 i - a potion of heal wounds {unknown}


   Skills:
 + Level 1.3 Fighting
 + Level 0.4 Armour
 + Level 1.8 Dodging
 * Level 1.9 Stealth
 + Level 3.1 Unarmed Combat
 + Level 2.1 Spellcasting
 * Level 2.3 Transmutations


You had 5 spell levels left.
You knew the following spells:

 Your Spells              Type           Power      Damage    Failure   Level
a - Beastly Appendage     Tmut           14%        N/A       12%         1

Your spell library contained the following spells:

 Spells                   Type           Power      Damage    Failure   Level
 Wereblood                Tmut           7%         N/A       19%         2
 Passwall                 Tmut/Erth      3%         N/A       30%         2
 Ensorcelled Hibernation  Hex/Ice        2%         N/A       43%         2
 Spider Form              Tmut/Pois      4%         N/A       52%         3
 Swiftness                Air            1%         N/A       67%         3
 Ice Form                 Ice/Tmut       4%         N/A       89%         4


Dungeon Overview and Level Annotations

Branches:
Dungeon (2/15)

Altars:
Xom


Innate Abilities, Weirdness & Mutations

Your serpentine skin is tough. (AC +1)
You have supernaturally acute eyesight. (SInv)
Armour fits poorly on your strangely shaped body.
Your system is resistant to poisons. (rPois)
You cover ground very slowly.
You can spit poison.
You have a snake-like lower body.


Message History

The adder is severely wounded.
The adder bites you.
* * * LOW HITPOINT WARNING * * *
You are poisoned.
The adder poisons you!
Casting: Beastly Appendage (safe; 12% risk of failure)
Confirm with . or Enter, or press ? or * to list all spells.
Okay, then.
Aiming: Spit Poison (2% risk of failure)
Press: ? - help, Shift-Dir - straight line, f - adder
Aim: an adder (severely wounded, 37% to hit)
The splash of poison misses the adder.
You feel sick. The adder bites you.
* * * LOW HITPOINT WARNING * * *
You miss the adder.
The adder is heavily wounded.
You feel sick. The adder bites you.
* * * LOW HITPOINT WARNING * * *
The adder closely misses you.
It was a potion of attraction.
You feel attractive to monsters.
Your horns disappear.
* * * LOW HITPOINT WARNING * * *
You feel sick. The adder bites you.
* * * LOW HITPOINT WARNING * * *
It was a potion of berserk rage.
A red film seems to cover your vision as you go berserk!
You feel yourself moving faster!
You feel mighty!
* * * LOW HITPOINT WARNING * * *
You feel sick. The adder closely misses you.
Unknown command.
You are too berserk!
You closely miss the adder. Your punch misses the adder.
The adder is heavily wounded.
The adder bites you.
* * * LOW HITPOINT WARNING * * *
You are too berserk!
You closely miss the adder.
The adder is heavily wounded.
You have got your breath back.
You die...
Xom roars with laughter!

### .. .. .# . .# ...
########.#.....
#.....@S.......
#.######.###.#. #.# ...
#.# ..... #.# ####+# #.
#.# #.## #.## ##.....##
... #..## ##.....^.##
##.
##...####.........####..


You could see an adder.

Vanquished Creatures
  3 dart slugs (D:1)
  2 ball pythons (D:1)
  2 bats (D:1)
  2 endoplasms (D:1)
  3 giant cockroaches
  3 goblins
  A hobgoblin (D:1)
  2 quokkas (D:1)
  A frilled lizard (D:1)
  2 kobolds (D:1)
  2 rats (D:1)
23 creatures vanquished.

Notes
Turn   | Place    | Note
-------+----------+-------------------------------------------
     0 | D:1      | winsomniak the Naga Transmuter began the quest for the Orb.
     0 | D:1      | Reached XP level 1. HP: 18/18 MP: 3/3
    99 | D:1      | Reached XP level 2. HP: 5/25 MP: 3/5
   463 | D:1      | Reached skill level 1 in Stealth
   932 | D:1      | Found a faded altar of an unknown god.
   956 | D:1      | Prayed at the altar of an unknown god.
   956 | D:1      | Became a worshipper of Xom of Enforced Whimsey
  1076 | D:1      | Reached XP level 3. HP: 14/31 MP: 4/6
  1203 | D:1      | XOM: divination: detect creatures
  1354 | D:1      | XOM: silly message
  2022 | D:2      | HP: 2/46 [poisoned by an adder]
  2024 | D:2      | Succumbed to an adder's poison

Illustrated notes

Levels and vault maps discovered:
D:1:      dpeg_arrival_refuge, layout_basic, ebering_ecumenical_altar_hall,
          nrook_mini_vaults, kennysheep_small_spiral
D:2:      layout_loops_corners, minmay_worlds_worst_comb

Skill      XL: |  1  2 |
---------------+-------+-----
Stealth        | 1 |  1.9
Fighting       | |  1.3
Armour         | |  0.4
Dodging        | |  1.8
Unarmed Combat | |  3.1
Spellcasting   | |  2.1
Transmutations | |  2.3

Action                   || total
-------------------------++-------
Melee: Unarmed           ||   101
       Headbutt          ||     8
       Punch             ||     4
 Cast: Beastly Appendage ||    17
 Abil: Spit Poison       ||     2
  Use: Potion            ||     2
 Stab: Sleeping          ||     2
Armor: Robe              ||     6
       Leather armour    ||     4
Dodge: Dodged            ||    52
